 Dungeon Crawl Stone Soup version 0.30-a0-986-g7f2e898f52 (webtiles) character file.

Game seed: 13072157636316196021

24492 cforsyth the Bludgeoner (level 13, -3/113 HPs)
             Began as a Formicid Fighter on Apr 1, 2023.
             Was a High Priest of Ru.
             Killed from afar by Erica (5 damage)
             ... with an iceblast
             ... on level 2 of the Lair of Beasts.
             The game lasted 00:30:59 (15907 turns).

cforsyth the Bludgeoner (Formicid Fighter)         Turns: 15907, Time: 00:30:59

Health: -3/113     AC: 17    Str: 26    XL:     13   Next: 43%
Magic:  13/13      EV:  7    Int:  8    God:    Ru [*****.]
Gold:   443        SH: 10    Dex: 13    Spells: 12/12 levels left

rFire   + . .      SeeInvis +    w - +3 flail (freeze)
rCold   + . .      Faith    .    c - +0 buckler
rNeg    . . .      Spirit   .    l - +0 plate armour
rPois   .          Reflect  +    (helmet unavailable)
rElec   .          Rampage  .    D - +2 cloak
rCorr   .                        s - +0 pair of gloves
Will    +....                    g - +1 pair of boots Stlth
                                 q - amulet of reflection
HPRegen 0.38/turn                p - ring of protection from fire
MPRegen 0.13/turn                B - ring of protection from cold

@: no status effects
A: permanent stasis, dig shafts and tunnels, antennae 3, inability to use
devices, hated by all, no hexes magic, no necromancy magic, no poison magic,
four strong arms, sturdy frame 1
a: Dig, Shaft Self, Renounce Religion, Draw Out Power, Power Leap, Apocalypse


You were on level 2 of the Lair of Beasts.
You worshipped Ru.
Ru was extremely pleased with you.
You visited 3 branches of the dungeon, and saw 16 of its levels.
You also visited: Ossuary.

You collected 818 gold pieces.
You spent 375 gold pieces at shops.

Inventory:

Hand Weapons
 a - a +0 flail
 m - a +3 mace
 w - a +3 flail of freezing (weapon)
Missiles
 H - 4 throwing nets
Armour
 c - a +0 buckler (worn)
 g - a +1 pair of boots (worn)
 l - a +0 plate armour (worn)
 o - the -1 cloak of the Sun {Fly rElec Regen+ Dex-4}
   (You bought it in a shop on level 9 of the Dungeon)

   Dex:       It affects your dexterity (-4).
   rElec:     It insulates you from electricity.
   Fly:       It grants you flight.
   Regen:     It increases your rate of health regeneration.
 s - a +0 pair of gloves (worn)
 D - a +2 cloak (worn)
Jewellery
 p - a ring of protection from fire (left hand)
 q - an amulet of reflection (around neck)
 u - a ring of magical power
 B - a ring of protection from cold (right hand)
 F - a ring of fire
 I - a +4 ring of protection
Wands
 e - a wand of acid (8)
 r - a wand of charming (14)
 E - a wand of flame (2)
Scrolls
 h - 2 scrolls of vulnerability
 k - 3 scrolls of identify
 z - a scroll of amnesia
 A - a scroll of enchant weapon
 C - a scroll of poison
 G - 2 scrolls of enchant armour
Potions
 b - a potion of invisibility
 d - a potion of might
 f - 2 potions of flight
 i - a potion of mutation
 j - a potion of cancellation
 n - 3 potions of lignification
 t - 2 potions of resistance
 v - 4 potions of curing


   Skills:
 + Level 14.1 Fighting
 * Level 17.6 Maces & Flails
 - Level 3.2 Armour
 - Level 4.0 Shields


You had 12 spell levels left.
You didn't know any spells.
Your spell library contained the following spells:

 Spells                   Type           Power      Damage    Failure   Level
 Shock                    Conj/Air       0%         1d3       99%         1
 Scorch                   Fire           0%         2d5       100%        2
 Airstrike                Air            0%         2d(0-16)  100%        4
 Flame Wave               Conj/Fire      0%         2d4       100%        4
 Lee's Rapid Deconstruct  Erth           0%         3d4*      100%        5
 Statue Form              Tmut/Erth      0%         N/A       100%        6
 Necrotise                Necr           Unusable   1d4       N/A         1
 Swiftness                Air            Unusable   N/A       N/A         3
 Vampiric Draining        Necr           Unusable   2d6       N/A         3
 Leda's Liquefaction      Hex/Erth       Unusable   N/A       N/A         4
 Agony                    Necr           Unusable   N/A       N/A         5
 Summon Cactus Giant      Summ           Unusable   N/A       N/A         6

Dungeon Overview and Level Annotations

Branches:
Dungeon (13/15)            Temple (1/1) D:4            Lair (2/5) D:8
    Orc (0/2) D:11        Ossuary (visited)
  Swamp: Lair:2-3    Shoals: Lair:2-3     Snake: Lair:2-3    Spider: Lair:2-3
 Vaults: D:13-14

Altars:
Cheibriados
Dithmenos
Elyvilon
Gozag
Kikubaaqudgha
Makhleb
Okawaru
Ru
Uskayaw
Wu Jian
Xom
Zin
The Shining One

Shops:
D:6 *:   D:8 *   D:9 [([?!   D:10 *   D:11 =

Portals:
Abyss: Lair:1

Annotations:
D:2 Terence
Lair:1 2 transporters, Xycs's ghost, journeyman GnEE
Lair:2 Erica


Innate Abilities, Weirdness & Mutations

You cannot be hasted, slowed, berserked, paralysed or teleported.
You can dig through walls and to a lower floor.
You have a pair of large antennae on your head. (SInv)
You cannot study or use magical devices.
You are hated by all.
You cannot study or cast Hexes magic.
You cannot study or cast Necromancy magic.
You cannot study or cast Poison magic.
Your four strong arms can wield two-handed weapons with a shield.
Your movements are slightly less encumbered by armour. (ER -2)


Message History

You sock the black bear! You freeze the black bear.
The black bear is moderately wounded.
The black bear is stunned by your conviction and fails to attack.
You hit the black bear. You freeze the black bear.
The black bear is heavily wounded.
You thump the black bear! You freeze the black bear.
The black bear is almost dead.
The black bear bites you but does no damage.
The black bear claws you but does no damage.
The black bear barely misses you.
You bludgeon the black bear!! You freeze the black bear.
You kill the black bear!
Erica points at you and mumbles some strange words.
You easily resist.
Erica barely misses you.
You see here a hydra corpse.
You bludgeon Erica!! You freeze Erica!
Erica is heavily wounded.
You hear the slow rumble of an avalanche of rocks very nearby.
Erica barely misses you.
You hit Erica. You freeze Erica.
Erica is severely wounded.
You sock Erica! You freeze Erica.
Erica is almost dead.
You block Erica's attack.
You hit Erica. You freeze Erica.
Erica is almost dead.
Erica gestures at you while chanting. The lance of force hits you!
* * * LOW HITPOINT WARNING * * *
You are knocked back by the lance of force.
Erica begins to cast a spell, but is stunned by your conviction!
Erica laughs wildly.
Erica casts a spell at you. The lance of force hits you!!
* * * LOW HITPOINT WARNING * * *
You are knocked back by the lance of force.
Erica zaps a wand.
The mass of ice explodes!
The iceblast engulfs you. You partially resist.
You die...

#.#*,,,**,,,,*...##,
##.#*,,,**,,,**....#,
#..#**,,,,*,,,##...#,
#P.# **,,,,,**#....##
#..#####**,,###.....#
#P..#..# *###..#...P#
##.#.#,* ##..........
#....#####...........
#...@....†@......"...
##......#####........
*#......#,,,#........
#.......#{{,#........
#.......#,,,#...###.#
#P..#.###*+*#...#*,..
##..##.**,,,....#,,..
*...#,..,,,.....#,,..
**,,,*,,,,,,,,,,*,,,,


You could see Erica (invisible).

Vanquished Creatures
  A hydra (Lair:2)
  Harold (D:9)
  A boulder beetle (D:11)
  4 two-headed ogres
  Nergalle (D:12)
  Pikel (D:7)
  An ugly thing (D:12)
  2 manticores
  A cyclops (D:12)
  Joseph (D:9)
  2 gargoyles
  A cane toad (Lair:1)
  An unseen horror (D:12)
  Psyche (D:12)
  7 komodo dragons
  2 kobold demonologists (D:8)
  A rime drake (D:7)
  3 trolls
  A polar bear (D:7)
  Prince Ribbit (D:6)
  13 blink frogs (Lair:1)
  A wraith (D:12)
  A shadow (D:11)
  2 wyverns
  A water elemental (D:11)
  18 yaks
  3 vampire mosquitoes (D:12)
  An acid dragon (D:12)
  5 water moccasins
  Duvessa (D:6)
  4 ice beasts
  2 sky beasts
  2 black bears
  7 orc warriors
  3 ogres
  7 wolves
  5 centaurs
  4 phantoms
  2 kobold brigands
  9 bullfrogs
  3 scorpions
  3 wights (D:9)
  Dowan (D:6)
  6 killer bees (D:9)
  6 electric eels (D:11)
  2 howler monkeys
  2 centaur zombies (Ossuary)
  3 human zombies (Ossuary)
  11 orc priests
  A gnoll bouda (D:10)
  A hound (D:6)
  2 jellies (D:5)
  Crazy Yiuf (D:4)
  12 orc wizards
  A sleepcap (D:7)
  2 iguanas
  2 mummies (Ossuary)
  12 gnolls
  3 adders
  A shadow imp (D:6)
  A white imp (D:6)
  An ufetubus (D:6)
  An adder zombie (Ossuary)
  3 worms
  3 dart slugs
  43 orcs
  9 ball pythons
  12 endoplasms
  9 giant cockroaches
  19 goblins
  3 hobgoblins
  2 quokkas
  5 bats
  2 frilled lizards
  9 hobgoblin zombies (Ossuary)
  A jackal zombie (Ossuary)
  17 kobolds
  8 kobold zombies (Ossuary)
  11 orc zombies (Ossuary)
  4 rats
  2 rat zombies (Ossuary)
365 creatures vanquished.

Vanquished Creatures (others)
  A blink frog (Lair:1)
  A howler monkey (D:9)
  2 kobolds (D:9)
  3 fungi (Lair:1)
  3 plants (Lair:1)
10 creatures vanquished.

Grand Total: 375 creatures vanquished

Notes
Turn   | Place    | Note
-------+----------+-------------------------------------------
     0 | D:1      | cforsyth the Formicid Fighter began the quest for the Orb.
     0 | D:1      | Reached XP level 1. HP: 18/18 MP: 1/1
   197 | D:1      | Reached XP level 2. HP: 24/24 MP: 2/2
   484 | D:1      | Reached XP level 3. HP: 25/30 MP: 3/3
   626 | D:2      | Reached skill level 3 in Maces & Flails
   847 | D:2      | Noticed Terence
  1073 | D:2      | Reached XP level 4. HP: 26/31 MP: 4/4
  1681 | D:3      | Reached skill level 4 in Maces & Flails
  1681 | D:3      | Reached XP level 5. HP: 9/41 MP: 5/5
  2089 | D:3      | Found a shimmering altar of Xom.
  2092 | D:3      | You fall into a shaft and drop 3 floors!
  2092 | D:6      | Found a shadowy altar of Dithmenos.
  2130 | D:5      | Entered Level 5 of the Dungeon
  2184 | D:4      | Reached XP level 6. HP: 47/49 MP: 6/6
  2218 | D:4      | Found a sand-covered staircase.
  2249 | Ossuary  | Entered an ossuary
  2340 | Ossuary  | Reached skill level 5 in Maces & Flails
  2456 | Ossuary  | Reached skill level 5 in Fighting
  2524 | Ossuary  | Reached XP level 7. HP: 55/56 MP: 7/7
  2782 | D:4      | Found a staircase to the Ecumenical Temple.
  2791 | D:4      | Reached skill level 6 in Maces & Flails
  2800 | Temple   | Entered the Ecumenical Temple
  2817 | Temple   | Became a worshipper of Ru the Awakened
  3192 | D:4      | Found a runed translucent door.
  3193 | D:4      | Noticed Crazy Yiuf
  3250 | D:4      | Killed Crazy Yiuf
  3446 | D:5      | Reached skill level 7 in Maces & Flails
  3478 | D:4      | Reached XP level 8. HP: 30/64 MP: 8/8
  4164 | D:5      | Reached skill level 8 in Maces & Flails
  4235 | D:5      | Gained mutation: You cannot study or cast Poison magic. [Ru
                  | sacrifice]
  4235 | D:5      | Gained mutation: You cannot study or cast Hexes magic. [Ru
                  | sacrifice]
  4235 | D:5      | Gained mutation: You cannot study or cast Necromancy magic.
                  | [Ru sacrifice]
  4235 | D:5      | Reached * piety under Ru
  4609 | D:6      | Noticed a komodo dragon
  4629 | D:6      | Killed a komodo dragon
  4630 | D:6      | Reached XP level 9. HP: 41/72 MP: 9/9
  4742 | D:6      | Found Rovenn's Assorted Antiques.
  4750 | D:6      | Bought a scroll labelled ZUSAEN TYECYMU for 26 gold pieces
  4750 | D:6      | Bought a scroll labelled VEG FAIHATRUNN for 26 gold pieces
  4778 | D:6      | Noticed Dowan
  4778 | D:6      | Noticed Duvessa
  4816 | D:6      | Killed Duvessa
  4817 | D:6      | Reached skill level 9 in Maces & Flails
  5238 | D:6      | Killed Dowan
  5324 | D:6      | Found a basalt altar of Yredelemnul.
  5543 | D:6      | Reached skill level 10 in Maces & Flails
  5722 | D:6      | Found Mucyefekk's Book Shoppe.
  5971 | D:6      | Noticed Prince Ribbit
  5992 | D:6      | Killed Prince Ribbit
  6717 | D:7      | Reached XP level 10. HP: 70/82 MP: 10/10
  6738 | D:7      | Gained mutation: You are hated by all. [Ru sacrifice]
  6738 | D:7      | Reached ** piety under Ru
  7051 | D:7      | Noticed Pikel
  7072 | D:7      | Killed Pikel
  7073 | D:7      | Reached skill level 11 in Maces & Flails
  7417 | D:8      | Noticed a rime drake
  7489 | D:7      | Gained mutation: Your movements are slightly less
                  | encumbered by armour. (ER -2) [potion of mutation]
  7646 | D:7      | Killed a rime drake
  7654 | D:7      | Reached skill level 12 in Maces & Flails
  7862 | D:8      | Reached skill level 10 in Fighting
  7910 | D:8      | Found Leab's Assorted Antiques.
  8105 | D:8      | Found a staircase to the Lair.
  8224 | D:9      | Noticed Harold
  8243 | D:9      | HP: 3/85 [Harold/+2 halberd of protection (19)]
  8245 | D:9      | Killed Harold
  8256 | D:9      | HP: 1/85 [centaur/arrow (7)]
  8543 | D:9      | Found Soamaunt's Antique Armour Emporium.
  8588 | D:9      | Noticed a kobold demonologist
  8589 | D:9      | Noticed a kobold demonologist
  8629 | D:8      | Noticed an ice devil
  8630 | D:8      | Killed a kobold demonologist
  8631 | D:8      | Reached XP level 11. HP: 89/92 MP: 11/11
  8721 | D:9      | Found Cimnuisk's Antique Weapon Shoppe.
  8758 | D:9      | Found Babecw's Antique Armour Shoppe.
  8767 | D:9      | Bought a slimy cloak for 323 gold pieces
  8767 | D:9      | Identified the -1 cloak of the Sun {Fly rElec Regen+ Dex-4}
                  | (You bought it in a shop on level 9 of the Dungeon)
  8848 | D:8      | Reached skill level 13 in Maces & Flails
  8984 | D:9      | Found Piguedes's Magic Scroll Shop.
  9135 | D:9      | Noticed Joseph
  9142 | D:9      | Found Lieda's Distillery.
  9155 | D:9      | Killed Joseph
  9706 | D:10     | Entered Level 10 of the Dungeon
  9924 | D:10     | Reached skill level 14 in Maces & Flails
 10011 | D:10     | Gained mutation: You cannot study or use magical devices.
                  | [Ru sacrifice]
 10011 | D:10     | Reached *** piety under Ru
 10011 | D:10     | Reached **** piety under Ru
 10011 | D:10     | Reached ***** piety under Ru
 10027 | D:10     | Noticed a two-headed ogre
 10148 | D:10     | Noticed a two-headed ogre
 10159 | D:10     | Killed a two-headed ogre
 10233 | D:10     | Found Havvuoll's General Store.
 10240 | D:10     | Noticed a two-headed ogre
 10249 | D:10     | Killed a two-headed ogre
 10855 | D:11     | Found Winof's Jewellery Emporium.
 11066 | D:11     | Noticed a manticore
 11078 | D:11     | Killed a manticore
 11308 | D:11     | Reached XP level 12. HP: 80/93 MP: 12/12
 11321 | D:11     | Noticed a two-headed ogre
 11343 | D:11     | Killed a two-headed ogre
 11344 | D:11     | Reached skill level 15 in Maces & Flails
 11482 | D:11     | Found a staircase to the Orcish Mines.
 11621 | D:11     | Noticed a boulder beetle
 11651 | D:11     | Killed a boulder beetle
 12222 | D:11     | Noticed a two-headed ogre
 12234 | D:11     | Killed a two-headed ogre
 12965 | D:12     | Noticed Nergalle
 13058 | D:12     | Killed Nergalle
 13266 | D:12     | Noticed Psyche
 13275 | D:12     | Killed Psyche
 13276 | D:12     | Reached skill level 16 in Maces & Flails
 13902 | Lair:1   | Entered Level 1 of the Lair of Beasts
 14381 | Lair:1   | Reached XP level 13. HP: 86/111 MP: 13/13
 14614 | Lair:1   | Found a transporter.
 14786 | Lair:1   | Noticed Xycs's ghost (journeyman GnEE)
 14788 | Lair:1   | Found a one-way gate to the infinite horrors of the Abyss.
 14796 | Lair:1   | Reached skill level 17 in Maces & Flails
 15612 | Lair:1   | Found a transporter.
 15876 | Lair:2   | Noticed a six-headed hydra
 15878 | Lair:2   | Noticed Erica
 15895 | Lair:2   | Killed a six-headed hydra
 15906 | Lair:2   | HP: 2/113 [Erica/lance of force (23)]
 15907 | Lair:2   | Killed from afar by Erica

Illustrated notes

Levels and vault maps discovered:
D:1:      lordsloth_arrival_two_stooges, layout_basic
D:2:      layout_rooms, chequers_jeans, minmay_worlds_worst_comb, uniq_terence
D:3:      layout_rooms, mainiacjoe_overflow_small_starburst, minivault_27,
          nicolae_elevator_lobby_asterisk
D:4:      layout_basic, minmay_temple_entry_slanted, enter_ossuary_1,
          uniq_crazy_yiuf_cottage
D:5:      layout_basic
D:6:      layout_gridville, mainiacjoe_overflow_large_starburst, serial_shops,
          kennysheep_mini, nicolae_shop_competitors_out_of_business,
          amcnicky_mini_corridor_feature, grunt_ministairs_13,
          minmay_ogre_servants, uniq_duvessa, uniq_prince_ribbit1
D:7:      layout_basic, uniq_pikel
D:8:      layout_cave_pools, hellmonk_lair_entry_icy, serial_shops,
          nicolae_square_shop
D:9:      layout_basic, serial_shops, nicolae_shop_statue_plus,
          nicolae_lakefront_shop, nicolae_shop_window_shopping,
          nicolae_shop_hallway_plus, nicolae_shop_statue_plus, uniq_joseph,
          uniq_harold
D:10:     layout_irregular_city, serial_shops, shop
D:11:     erik_rubicon_a, layout_irregular_city, david_orc_4, serial_shops,
          nicolae_stop_n_shop_2, grunt_ministairs_15
D:12:     layout_loops_ring, uniq_nergalle, uniq_psyche
D:13:     layout_loops_cross, erik_vaults_2, grunt_ministairs_13, uniq_urug
Temple:   compressed_dpeg_triangle_lava_temple
Lair:1:   layout_chaotic_city, gammafunk_ghost_abyssal_escape
Lair:2:   layout_regular_city, nicolae_volcano_entry_s_turn, basic_altar,
          ebering_ghost_inner_flame, uniq_gastronok, uniq_erica

Skill      XL: |  1  2  3  4  5  6  7  8  9 10 11 12 13 |
---------------+----------------------------------------+-----
Maces & Flails | 3 4 5 7 8 10 12 14 16 17 | 17.6
Fighting       | 4 5 6 7 8 10 12 13 14 | 14.1
Armour         | |  3.2
Shields        | |  4.0

Action                     |  1- 3 |  4- 6 |  7- 9 | 10-12 | 13-15 || total
---------------------------+-------+-------+-------+-------+-------++-------
  Melee: Flail             |    97 |    24 |       |   406 |   170 ||   697
         Mace              |       |   198 |   315 |   251 |       ||   764
 Invoke: Sacrifice Arcana  |       |       |     1 |       |       ||     1
         Sacrifice Love    |       |       |       |     1 |       ||     1
         Apocalypse        |       |       |       |     1 |       ||     1
         Sacrifice Artific |       |       |       |     1 |       ||     1
         Reject Sacrifices |       |       |       |     1 |       ||     1
    Use: Scroll            |       |     4 |     3 |     6 |     5 ||    18
         Potion            |       |       |       |     9 |       ||     9
   Stab: Invisible         |       |       |       |     3 |     2 ||     5
         Paralysed         |       |       |       |     1 |       ||     1
 Armour: Scale mail        |    21 |       |       |       |       ||    21
         Chain mail        |    42 |     5 |       |       |       ||    47
         Plate armour      |       |   172 |   128 |   236 |    46 ||   582
  Dodge: Dodged            |    39 |    76 |    55 |   116 |    38 ||   324
  Block: Buckler           |    23 |   106 |   123 |   241 |    60 ||   553
         Reflection        |       |       |    10 |     5 |       ||    15

Table legend: (Time is in decaauts)
 A = Elapsed time spent in this place.
 B = Non-inter-level travel time spent in this place.
 C = Inter-level travel time spent in this place.
 D = Time resting spent in this place.
 E = Time spent auto-exploring this place.
 F = Levels seen in this place.
 G = Mean time per level.
                   A        B        C        D        E       F      G
               +--------+--------+--------+--------+--------+-----+--------+
         Total |  15807 |  15279 |    528 |   2541 |   9149 |  17 |  929.8 |
       Dungeon |  13792 |  13307 |    485 |   2380 |   8068 |  13 | 1060.9 |
        Temple |     26 |     17 |      9 |      0 |      5 |   1 |   26.0 |
          Lair |   1486 |   1453 |     33 |      0 |   1045 |   2 |  743.0 |
       Ossuary |    501 |    501 |      0 |    161 |     31 |   1 |  501.0 |
               +--------+--------+--------+--------+--------+-----+--------+

Top non-repeatable levels by time:
    D:11: 1761 daAuts
     D:7: 1559 daAuts
  Lair:1: 1431 daAuts
     D:5: 1396 daAuts
     D:8: 1345 daAuts
     D:9: 1212 daAuts
     D:6: 1156 daAuts
    D:10: 1053 daAuts
    D:12: 1049 daAuts
     D:3: 914 daAuts
     D:4: 837 daAuts
     D:1: 774 daAuts
     D:2: 606 daAuts
 Ossuary: 501 daAuts
    D:13: 125 daAuts
